 Dungeon Crawl Stone Soup version 0.22.0 (webtiles) character file.

26622 Loudmushroom the Severer (level 12, -7/108 HPs)
             Began as a Minotaur Berserker on Aug 9, 2018.
             Was a High Priest of Trog.
             Mangled by Rupert
             ... wielding a +2 great mace of crushing
              (10 damage)
             ... on level 2 of the Lair of Beasts on Aug 10, 2018.
             The game lasted 01:54:43 (18533 turns).

Loudmushroom the Severer (Minotaur Berserker)      Turns: 18533, Time: 01:54:44

Health: -7/108     AC: 22    Str: 28    XL:     12   Next: 99%
Magic:  15/15      EV: 17    Int:  4    God:    Trog [*****.]
Gold:   901        SH:  0    Dex: 14    Spells: 11/11 levels left

rFire    . . .     SeeInvis .   a - +0 war axe
rCold    . . .     Gourm    .   (no shield)
rNeg     . . .     Faith    .   T - +0 plate armour
rPois    +         Spirit   .   x - +2 hat
rElec    .         Reflect  .   J - +0 cloak
rCorr    .         Harm     .   r - +2 pair of gloves
MR       .....                  (no boots)
Stlth    ..........             (no amulet)
HPRegen  0.28/turn              u - ring of poison resistance
MPRegen  0.14/turn              t - +3 ring of evasion

@: mighty
A: retaliatory headbutt, horns 2
a: Berserk, Trog's Hand, Brothers in Arms, Renounce Religion


You were on level 2 of the Lair of Beasts.
You worshipped Trog.
Trog was extremely pleased with you.
You were near starving.

You visited 2 branches of the dungeon, and saw 13 of its levels.
You also visited: Ossuary.

You collected 901 gold pieces.

Inventory:

Hand Weapons
 a - a +0 war axe (weapon)
 b - a +2 hunting sling of flaming
 y - a +1 vampiric hand axe
 I - a +0 morningstar
 S - a +0 longbow
 V - a +0 blowgun
Missiles
 g - 364 stones
 k - 31 sling bullets
 n - 153 arrows
 p - 125 bolts
 w - 3 needles of confusion
 K - 63 poisoned needles
 O - 3 tomahawks (quivered)
 Q - 6 curare-tipped needles
Armour
 r - a +2 pair of gloves (worn)
 x - a +2 hat (worn)
 J - a +0 cloak (worn)
 T - a +0 plate armour (worn)
 W - the +3 chain mail "Xowi" {*Corrode rF+ MR+++ Stlth+}
   (You took it off an orc warrior on level 8 of the Dungeon)

   It protects you from fire.
   It affects your resistance to hostile enchantments.
   It may corrode you when you take damage.
   It makes you more stealthy.
Jewellery
 d - a +2 ring of dexterity
 h - an uncursed ring of positive energy {unknown}
 j - an uncursed ring of teleportation
 t - a +3 ring of evasion (right hand)
 u - a ring of poison resistance (left hand)
 D - an uncursed ring of resist corrosion
 Y - an uncursed ring of protection from fire
Wands
 i - a wand of clouds (2)
 B - a wand of paralysis (27)
 F - a wand of acid (6)
 G - a wand of scattershot (3)
 M - a wand of iceblast (15)
 Z - a wand of flame (26)
Scrolls
 l - a scroll of identify
 s - 4 scrolls of teleportation
 C - 2 scrolls of blinking
 E - 4 scrolls of remove curse
 H - 2 scrolls of fog
 L - 2 scrolls of magic mapping
 P - a scroll of fear
Potions
 e - 4 potions of agility
 f - 6 potions of heal wounds
 m - 11 potions of curing
 o - 2 potions of haste
 q - 2 potions of lignification
 v - a potion of mutation {unknown}
 z - 5 potions of might
 A - a potion of flight
 N - a potion of invisibility {unknown}
 R - 2 potions of ambrosia {unknown}
 X - a potion of magic {unknown}
Comestibles
 c - 21 rations
 U - 4 chunks of flesh


   Skills:
 + Level 10.7 Fighting
 * Level 15.5 Axes
 + Level 12.1 Armour
 + Level 11.4 Dodging
 + Level 5.8 Evocations


You had 11 spell levels left.
You didn't know any spells.
Your spell library contained the following spells:

 Spells                   Type           Power        Failure   Level  Hunger
 Fireball                 Conj/Fire      #.........   100%        5    ######.
 Conjure Flame            Conj/Fire      #.......     100%        3    ####...
 Throw Flame              Conj/Fire      #.....       99%         2    ###....
 Sticky Flame             Conj/Fire      #.......     100%        4    #####..
 Flame Tongue             Conj/Fire      #....        99%         1    ##.....
 Inner Flame              Hex/Fire       #.......     100%        3    ####...


Dungeon Overview and Level Annotations

Branches:
Dungeon (10/15)            Temple (0/1) D:6            Lair (3/6) D:8
 Shoals (0/4) Lair:3       Spider (0/4) Lair:2          Orc (0/2) D:10

Altars:
Cheibriados
Dithmenos
Elyvilon
Fedhas
Gozag
Kikubaaqudgha
Makhleb
Nemelex Xobeh
Okawaru
Qazlal
Ru
Trog
Wu Jian
Yredelemnul
Beogh

Annotations:
Lair:2 Rupert


Innate Abilities, Weirdness & Mutations

You reflexively headbutt those who attack you in melee.
You have a pair of horns on your head.


Message History

You slash Rupert!
Rupert is moderately wounded.
Rupert hits you but does no damage.
You slice Rupert!!
Rupert is heavily wounded.
Rupert hits you with a great mace of crushing!
You hit Rupert but do no damage.
Rupert is heavily wounded.
Rupert hits you with a great mace of crushing!!!
* * * LOW HITPOINT WARNING * * *
x2 You closely miss Rupert.
You headbutt Rupert!
Rupert is heavily wounded.
Rupert completely misses you.
You hit Rupert but do no damage. You headbutt Rupert.
Rupert is heavily wounded.
Rupert hits you but does no damage.
You slash Rupert! Your headbutt misses Rupert.
Rupert is heavily wounded.
Rupert hits you with a great mace of crushing!
You die...

##.......................##......
#.......................###.....
##.......................##......
#........................P#......
##............##......######.....
###.........##.......## #.....
.###...........#....P#######.....
...........#.P...@...P#.#..#.....
...........##...@................
.#####......##...................
.#.#.......###...................
.##.....................###......
.P...P##P...##.........## #P.....
............#..####....# #......
...............P# #....# #......
............?..####....#####..###
........#..................P...##


You could see Rupert (berserk).

Vanquished Creatures
  Fannar (D:10)
  2 hydras
  The ghost of Lew the Fighter, a journeyman GrFi of Dithmenos (D:8)
  The ghost of dracos369 the Spear-Bearer, a novice MfCK of Xom (D:8)
  Sonja (Lair:3)
  2 merfolk sirens (Lair:3)
  A torpor snail (Lair:3)
  A gargoyle (D:10)
  A rime drake (Lair:2)
  3 spiny frogs
  2 komodo dragons
  2 merfolk (Lair:3)
  5 hornets
  2 dream sheep (Lair:3)
  8 blink frogs
  2 hippogriffs
  19 yaks
  2 wyverns
  A hungry ghost (D:9)
  12 spriggans (Lair:3)
  A basilisk (Lair:3)
  A steam dragon (D:9)
  A fire elemental (Lair:2)
  2 porcupines (Lair:3)
  6 water moccasins
  2 hell hounds (D:8)
  6 orc warriors
  6 sky beasts
  A black bear (D:5)
  A phantom (D:7)
  A boggart (Lair:3)
  4 wolves (Lair:3)
  A necrophage (D:6)
  6 ogres
  2 centaurs
  4 crocodiles
  An elf zombie (Ossuary)
  12 bullfrogs
  7 scorpions
  A water moccasin skeleton (D:7)
  3 killer bees (D:9)
  3 crimson imps
  A centaur zombie (Ossuary)
  2 quasits
  2 human zombies (Ossuary)
  4 hounds
  2 jellies
  11 orc priests
  2 bullfrog skeletons
  4 iguanas
  8 worker ants
  9 orc wizards
  2 big kobold zombies (Ossuary)
  2 hound skeletons
  3 mummies (Ossuary)
  7 gnolls (D:9)
  6 adders
  3 adder skeletons
  2 adder zombies (Ossuary)
  7 worms
  4 dart slugs
  6 leopard geckos
  46 orcs
  2 giant cockroaches
  5 goblins
  8 hobgoblins
  8 jackals
  4 quokkas
  3 ball pythons
  6 bats
  4 frilled lizards
  A gnoll zombie (Ossuary)
  A goblin zombie (Ossuary)
  2 hobgoblin zombies (Ossuary)
  5 jackal zombies (Ossuary)
  2 kobolds
  2 kobold zombies (Ossuary)
  An orc zombie (Ossuary)
  A quokka skeleton (D:5)
  7 quokka zombies (Ossuary)
  2 rats (D:2)
  5 rat zombies (Ossuary)
  A fungus (Lair:3)
344 creatures vanquished.

Vanquished Creatures (others)
  A crocodile (Lair:3)
  A bullfrog (Lair:3)
  A fungus (Lair:3)
3 creatures vanquished.

Grand Total: 347 creatures vanquished

Notes
Turn   | Place    | Note
-------+----------+-------------------------------------------
     0 | D:1      | Loudmushroom the Minotaur Berserker began the quest for the Orb.
     0 | D:1      | Reached XP level 1. HP: 19/19 MP: 0/0
   731 | D:1      | Reached XP level 2. HP: 27/27 MP: 1/1
   914 | D:1      | Reached skill level 4 in Axes
  1497 | D:2      | Reached XP level 3. HP: 33/33 MP: 2/2
  1561 | D:2      | Found a snail-covered altar of Cheibriados.
  1721 | D:2      | Found a shadowy altar of Dithmenos.
  1738 | D:2      | Reached ** piety under Trog
  2206 | D:2      | Found a bloodstained altar of Trog.
  2224 | D:2      | Reached XP level 4. HP: 37/40 MP: 3/3
  2653 | D:3      | Found a sparkling altar of Nemelex Xobeh.
  2670 | D:3      | Found a white marble altar of Elyvilon.
  2849 | D:3      | Reached skill level 5 in Axes
  2861 | D:3      | Reached XP level 5. HP: 28/47 MP: 4/4
  3435 | D:4      | Found an ancient bone altar of Kikubaaqudgha.
  3435 | D:4      | Found a blossoming altar of Fedhas.
  3702 | D:4      | Reached XP level 6. HP: 55/55 MP: 5/5
  3892 | D:4      | Reached skill level 6 in Axes
  3959 | D:4      | Reached skill level 5 in Fighting
  4349 | D:5      | Entered Level 5 of the Dungeon
  4349 | D:5      | Noticed a sky beast
  4361 | D:5      | Killed a sky beast
  4436 | D:5      | Reached XP level 7. HP: 61/61 MP: 6/6
  4630 | D:5      | Found a sacrificial altar of Ru.
  4696 | D:5      | Reached skill level 7 in Axes
  4917 | D:5      | Reached skill level 5 in Armour
  5300 | D:5      | Found a stormy altar of Qazlal.
  5511 | D:6      | Reached skill level 5 in Dodging
  5552 | D:6      | Found a sand-covered staircase.
  5557 | Ossuary  | Entered an ossuary
  5643 | Ossuary  | Reached *** piety under Trog
  5658 | Ossuary  | Reached skill level 8 in Axes
  5658 | Ossuary  | Reached XP level 8. HP: 64/70 MP: 7/7
  6258 | D:6      | Found a staircase to the Ecumenical Temple.
  6396 | D:6      | Found a burning altar of Makhleb.
  6620 | D:6      | Found an iron altar of Okawaru.
  6620 | D:6      | Found an ornate altar of the Wu Jian Council.
  7111 | D:7      | Reached skill level 9 in Axes
  7173 | D:7      | Reached **** piety under Trog
  7795 | D:7      | Reached XP level 9. HP: 75/79 MP: 8/8
  7936 | D:7      | Found an opulent altar of Gozag.
  7978 | D:7      | Reached skill level 10 in Axes
  8006 | D:7      | You fall through a shaft for 2 floors!
  8242 | D:8      | Noticed dracos369's ghost (novice MfCK)
  8251 | D:8      | Found a runed door.
  8269 | D:8      | Killed dracos369's ghost
  8269 | D:8      | Reached skill level 1 in Evocations
  8351 | D:8      | Found an opulent altar of Gozag.
  8579 | D:8      | Found a staircase to the Lair.
  8988 | D:8      | Reached skill level 11 in Axes
  9212 | D:9      | Reached skill level 12 in Axes
  9212 | D:9      | Reached skill level 10 in Armour
  9212 | D:9      | Reached XP level 10. HP: 88/88 MP: 10/10
  9214 | D:9      | Found a runed gate.
  9214 | D:9      | Found a runed gate.
  9214 | D:9      | Found a runed gate.
  9234 | D:9      | Upgraded the game from 0.22-b1-59-g0aedee7 to 0.22.0
  9324 | D:9      | Noticed Lew's ghost (journeyman GrFi)
  9350 | D:9      | Found a basalt altar of Yredelemnul.
  9451 | D:9      | Reached XP level 11. HP: 95/95 MP: 11/11
  9699 | D:9      | Reached skill level 13 in Axes
 10017 | D:9      | Found a roughly hewn altar of Beogh.
 10056 | D:8      | Killed Lew's ghost
 10125 | D:8      | Reached skill level 10 in Dodging
 10134 | D:8      | Reached ***** piety under Trog
 10219 | D:8      | Got a smoking chain mail
 10233 | D:8      | Identified the +3 chain mail "Xowi" {*Corrode rF+ MR+++ Stlth+} (You took it off an orc warrior on level 8 of the Dungeon)
 11049 | D:10     | Entered Level 10 of the Dungeon
 11494 | D:10     | Found a staircase to the Orcish Mines.
 11700 | D:10     | Noticed Fannar
 11744 | D:10     | Killed Fannar
 12280 | D:10     | Noticed a five-headed hydra
 12315 | D:10     | Killed a 17-headed hydra
 12967 | D:10     | Reached skill level 14 in Axes
 13658 | Lair:1   | Entered Level 1 of the Lair of Beasts
 13674 | Lair:1   | Received a gift from Trog
 13928 | Lair:1   | You fall through a shaft!
 14216 | Lair:1   | Reached XP level 12. HP: 105/105 MP: 14/14
 15434 | Lair:2   | Found a hole to the Spider Nest.
 15801 | Lair:2   | Noticed a five-headed hydra
 15822 | Lair:2   | Killed a five-headed hydra
 15822 | Lair:2   | Received a gift from Trog
 15822 | Lair:2   | Reached skill level 10 in Fighting
 16100 | Lair:3   | Reached skill level 5 in Evocations
 16232 | Lair:3   | Got an iridescent mace
 16252 | Lair:3   | Found a staircase to the Shoals.
 16741 | Lair:3   | Noticed Sonja
 16763 | Lair:3   | Killed Sonja
 16763 | Lair:3   | Reached skill level 15 in Axes
 18511 | Lair:3   | Noticed Rupert
 18530 | Lair:2   | HP: 5/108 [Rupert/great mace of crushing (37)]
 18530 | Lair:2   | HP: 2/108 [Rupert/great mace of crushing (3)]
 18533 | Lair:2   | Mangled by Rupert

Skill      XL: |  1  2  3  4  5  6  7  8  9 10 11 12 |
---------------+-------------------------------------+-----
Axes           | 4 5 6 8 9 12 14 15 | 15.5
Fighting       | 4 5 6 7 8 9 10 | 10.7
Armour         | 3 4 5 6 10 11 12 | 12.1
Dodging        | 3 4 5 6 9 10 11 | 11.4
Evocations     | 2 4 5 |  5.8

Action                   |  1- 3 |  4- 6 |  7- 9 | 10-12 || total
-------------------------+-------+-------+-------+-------++-------
Melee: Hand axe          |    89 |   105 |   367 |   472 ||  1033
       Headbutt          |    14 |    23 |    99 |   227 ||   363
       War axe           |       |       |       |   373 ||   373
       Morningstar       |       |       |       |    15 ||    15
 Fire: Hunting sling     |       |       |       |     5 ||     5
       Longbow           |       |       |       |     4 ||     4
Throw: Stone             |    18 |    10 |    21 |     1 ||    50
       Tomahawk          |       |    14 |    26 |     9 ||    49
Invok: Trog's Hand       |       |     3 |     2 |     6 ||    11
       Berserk           |       |       |     2 |     5 ||     7
  Use: Scroll            |       |    12 |     9 |    10 ||    31
       Potion            |       |       |     1 |     1 ||     2
  Eat: Chunk             |     4 |     6 |     7 |    23 ||    40
       Ration            |       |     2 |     3 |     4 ||     9
Armor: Leather armour    |     6 |       |       |       ||     6
       Animal skin       |     1 |       |       |       ||     1
       Scale mail        |    20 |    40 |    21 |       ||    81
       Chain mail        |       |       |    94 |     9 ||   103
       Plate armour      |       |       |       |   320 ||   320
Dodge: Dodged            |    43 |    41 |   188 |   541 ||   813
